 Dungeon Crawl Stone Soup version 0.31-a0-234-gad7ace16ef (webtiles) character file.

Game seed: 3621452791992135232

276 qw the Shooter (level 6, -11/37 HPs)
             Began as a Gargoyle Hexslinger on July 9, 2023.
             Mangled by Eustachio
             ... wielding a +1 heavy falchion
              (14 damage)
             ... on level 4 of the Dungeon.
             The game lasted 00:01:20 (2786 turns).

qw the Shooter (Gargoyle Hexslinger)                Turns: 2786, Time: 00:01:20

Health: -11/37     AC: 10    Str: 11    XL:     6   Next: 25%
Magic:  7/7        EV: 10    Int: 14    God:
Gold:   128        SH:  0    Dex: 14    Spells: 6/7 levels left

rFire   . . .        Y - +1 sling
rCold   . . .        (no shield)
rNeg    + . .        g - +0 ring mail
rPois   inf          (no helmet)
rElec   +            e - +0 cloak
rCorr   .            (no gloves)
SInv    .            (no boots)
Will    .....        (no amulet)
Stlth   +            (no ring)
HPRegen 0.26/turn    (no ring)
MPRegen 0.10/turn

%: no passive effects
@: about to teleport
A: sickness immunity, AC +4, negative energy resistance 1, electricity
resistance, torment resistance 1, petrification resistance
a: no special abilities


You were on level 4 of the Dungeon.
You visited 1 branch of the dungeon, and saw 4 of its levels.

You collected 128 gold pieces.


Innate Abilities, Weirdness & Mutations

You are immune to sickness and miasma.
Your stone body is resilient. (AC +4)
You are immune to poison.
You resist negative energy. (rN+)
You are resistant to electric shocks. (rElec)
You are resistant to unholy torment.
You are immune to petrification.


   Skills:
 - Level 3.0 Fighting
 + Level 5.6 Ranged Weapons
 - Level 1.0 Armour
 - Level 1.5 Dodging
 - Level 1.0 Spellcasting
 - Level 2.6 Hexes


You had 6 spell levels left.
You knew the following spells:

 Your Spells              Type           Power      Damage    Failure   Level
a - Slow                  Hex            32%        N/A       21%         1

Your spell library contained the following spells:

 Spells                   Type           Power      Damage    Failure   Level
 Inner Flame              Hex/Fire       4%         N/A       71%         3
 Portal Projectile        Hex/Tloc       8%         N/A       71%         3
 Cause Fear               Hex            4%         N/A       90%         4

Inventory:

Hand Weapons
 Y - a +1 sling (weapon)
Armour
 e - a +0 cloak (worn)
 g - a +0 ring mail (worn)
 i - a +0 pair of boots
Scrolls
 a - a scroll of teleportation
 h - a scroll of identify
Potions
 b - a potion of berserk rage {unknown}
 c - a potion of might {unknown}
 d - 2 potions of curing
 f - a potion of mutation {unknown}
 j - a potion of attraction {unknown}
 k - a potion of cancellation {unknown}
 l - a potion of enlightenment {unknown}
 m - 2 potions of resistance {unknown}

Dungeon Overview and Level Annotations

Branches:
Dungeon (4/15)
 Temple: D:4-7

Altars:
Xom

Shops:
D:2 (

Annotations:
D:4 Eustachio


Message History

The sling bullet hits the kobold.
You kill the kobold!
Eustachio closely misses you.
An iguana comes into view.
The howler monkey hoots and howls with incredible vigour!
You shoot a sling bullet.
The sling bullet hits the howler monkey.
The howler monkey is almost dead.
The howler monkey hits you.
Eustachio hits you with a +1 heavy falchion.
The howler monkey completely misses you.
You shoot a sling bullet.
The sling bullet hits the howler monkey.
You kill the howler monkey!
Eustachio hits you with a +1 heavy falchion.
You shoot a sling bullet.
The sling bullet hits Eustachio but does no damage.
Eustachio is moderately wounded.
The iguana bites you.
An iguana comes into view.
Eustachio growls, "To hell with you, honourless miscreant!"
Eustachio barely misses you.
You shoot a sling bullet.
The sling bullet closely misses Eustachio.
The iguana barely misses you.
The iguana bites you but does no damage.
Eustachio mumbles some strange words.
Eustachio blinks!
You shoot a sling bullet.
The sling bullet hits the iguana but does no damage.
The iguana closely misses you.
You shoot a sling bullet. The sling bullet misses Eustachio.
Eustachio hits you with a +1 heavy falchion.
2785 ||| READING 2 scrolls of teleportation.
As you read the scroll of teleportation, it crumbles to dust.
You feel strangely unstable. The iguana barely misses you.
The iguana bites you!
You shoot a sling bullet. The sling bullet misses Eustachio.
Eustachio hits you with a +1 heavy falchion!
You die...

##+#########.#
#............# #
#............##### .#
#............. ..#
..# #...........#
##l#...#
#...........###.@l).#
+...............@##(#
#...../......##.##
#.............[.# .
####..#####..####..#
##..####.........
#....##.###.####
##'#.........#
#....##.##..####


You could see Eustachio and 2 iguanas.

Vanquished Creatures
  A scorpion (D:3)
  A howler monkey (D:4)
  An orc priest (D:3)
  8 adders
  An ufetubus (D:3)
  2 dart slugs
  3 orcs (D:3)
  12 endoplasms
  2 giant cockroaches (D:1)
  5 goblins
  5 hobgoblins
  6 jackals
  A quokka (D:2)
  3 ball pythons (D:1)
  5 bats
  7 frilled lizards
  7 kobolds
  5 rats
75 creatures vanquished.

Notes
Turn   | Place    | Note
-------+----------+-------------------------------------------
     0 | D:1      | qw the Gargoyle Hexslinger began the quest for the Orb.
     0 | D:1      | Reached XP level 1. HP: 12/12 MP: 2/2
     0 | D:1      | 0 ||| qw: Version: 0.3-a-51-g015441d
     0 | D:1      | 0 ||| qw: Game counter: 4054
     0 | D:1      | 0 ||| qw: Melee chars always use a shield: true
     0 | D:1      | 0 ||| qw: God list: Okawaru
     0 | D:1      | 0 ||| qw: Allow faded altars: false
     0 | D:1      | 0 ||| qw: Do Orc after clearing Dungeon:15 true
     0 | D:1      | 0 ||| qw: Do second Lair branch before Depths: true
     0 | D:1      | 0 ||| qw: Lair rune preference: random
     0 | D:1      | 0 ||| qw: Goals: Normal
     0 | D:1      | 0 ||| PLANNING D:1-11
   145 | D:1      | 145 ||| FLEEEEING.
   146 | D:1      | 146 ||| FLEEEEING.
   147 | D:1      | 147 ||| FLEEEEING.
   148 | D:1      | 148 ||| FLEEEEING.
   150 | D:1      | Reached XP level 2. HP: 15/16 MP: 3/3
   174 | D:1      | Reached skill level 3 in Ranged Weapons
   378 | D:1      | Reached XP level 3. HP: 19/21 MP: 4/4
   650 | D:1      | 650 ||| UPGRADING to +0 ring mail.
   660 | D:1      | 660 ||| DROPPING +0 robe.
   661 | D:1      | 661 ||| READING 2 scrolls labelled SODEUD SIKHLUU.
   666 | D:1      | 666 ||| DROPPING scroll of poison.
   697 | D:2      | 697 ||| STAIRDANCE
  1088 | D:2      | Reached XP level 4. HP: 21/26 MP: 5/5
  1158 | D:2      | Found Boaric Ritys's Antique Weapon Shop.
  1438 | D:2      | 1438 ||| UPGRADING to +0 cloak.
  1443 | D:2      | 1443 ||| READING scroll labelled BEL ENTOTHRORAN.
  1444 | D:2      | 1444 ||| READING 3 scrolls labelled LASHAD OZOR.
  1545 | D:2      | 1545 ||| DRINKING 2 fuming dark potions.
  1546 | D:2      | 1546 ||| DROPPING 2 scrolls of silence.
  1825 | D:3      | Found a shimmering altar of Xom.
  1971 | D:3      | Reached skill level 1 in Armour
  2029 | D:3      | Reached skill level 4 in Ranged Weapons
  2156 | D:3      | Noticed a scorpion
  2157 | D:3      | Reached XP level 5. HP: 28/30 MP: 6/6
  2178 | D:3      | Reached skill level 5 in Ranged Weapons
  2560 | D:3      | Reached skill level 3 in Fighting
  2560 | D:3      | Reached XP level 6. HP: 37/37 MP: 7/7
  2561 | D:3      | 2561 ||| READING 2 scrolls labelled HAGROSO ESHRIT.
  2562 | D:3      | 2562 ||| DRINKING 2 lumpy pink potions.
  2616 | D:3      | 2616 ||| DROPPING potion of lignification.
  2683 | D:4      | 2683 ||| STAIRDANCE
  2762 | D:4      | Noticed Eustachio
  2784 | D:4      | HP: 9/37 [Eustachio/+1 heavy falchion (5)]
  2785 | D:4      | 2785 ||| READING 2 scrolls of teleportation.
  2785 | D:4      | HP: 3/37 [iguana (7)]
  2786 | D:4      | Mangled by Eustachio

Levels and vault maps discovered:
D:1:      dpeg_arrival_leaves_temple_mockup, layout_basic
D:2:      layout_loops_cross, serial_shops, shop
D:3:      layout_loops_corners, mainiacjoe_overflow_chevrons, nicolae_half_adder
D:4:      black_bear_nest_1, layout_basic, nicolae_elevator_lobby_asterisk,
          uniq_eustachio

Skill      XL: |  1  2  3  4  5 |
---------------+----------------+-----
Ranged Weapons | 3 4 5 |  5.6
Fighting       | 2 3 |  3.0
Armour         | 1 |  1.0
Dodging        | |  1.5
Spellcasting   | |  1.0
Hexes          | |  2.6

Action                     |  1- 3 |  4- 6 || total
---------------------------+-------+-------++-------
   Fire: Sling             |   147 |   210 ||   357
    Use: Scroll            |     1 |     4 ||     5
         Potion            |       |     2 ||     2
 Armour: Robe              |    11 |       ||    11
         Ring mail         |    32 |   103 ||   135
  Dodge: Dodged            |    57 |   108 ||   165

Table legend:
 A = Non-vault XP
 B = Vault XP
 C = Vault XP percentage of total XP
 D = Non-vault monster count
 E = Vault monster count
 F = Vault count percentage of total count
                 A         B        C        D         E       F
            +---------+---------+-------+---------+---------+-------
      Total |     342 |      53 |  13.4 |      71 |       4 |   5.3
            +---------+---------+-------+---------+---------+-------
        D:1 |      45 |       0 |   0.0 |      27 |       0 |   0.0
        D:2 |      40 |       0 |   0.0 |      18 |       0 |   0.0
        D:3 |     195 |      53 |  21.4 |      23 |       4 |  14.8
        D:4 |      62 |       0 |   0.0 |       3 |       0 |   0.0
            +---------+---------+-------+---------+---------+-------
